Map: Overgrowth LE (Void)

Players

BuRny - Winner!

  • Race: Terran Terran
  • League: Master
  • Spawn Location: 1:00

A.I. 1 (Very Easy)

  • Race: Zerg Zerg
  • Spawn Location: 7:00

VOD

Have the link to the VOD?

Description

Time

  • Played on: Dec. 28, 2016, 10:04 a.m.
  • Length: 9:37
Show
View Real Time Build Order
Export as new Build Order

BuRny Terran - Winner!

Build Orders: Reaper Expand, MMM Bio 

Get SALT Encoding   

  12  0:01  SCV  
  13  0:13  SCV  
  14  0:17  Supply Depot  
  14  0:25  SCV  
  15  0:39  SCV  
  15  0:40  Barracks  
  16  0:46  Refinery  
  16  0:51  SCV  
  17  1:03  SCV  
  18  1:15  SCV  
  19  1:27  Orbital Command  
  19  1:30  Reaper  
  20  1:37  Command Center  
  20  1:47  Barracks  
  20  1:53  SCV  
  21  2:03  Barracks Reactor  
  21  2:05  SCV  
  21  2:08  Supply Depot  
  22  2:12  Refinery  
  22  2:17  SCV  
  23  2:29  SCV  
  24  2:35  Factory  
  24  2:36  Barracks Tech Lab  
  24  2:39  Marine  
  24  2:40  Marine  
  24  2:41  SCV  
  27  2:51  Orbital Command  
  27  2:54  SCV  
  27  2:56  Marine  
  27  2:57  Marine x2  
  31  3:01  Stimpack  
  31  3:06  SCV  
  32  3:14  Marine  
  32  3:15  Marine x2  
  32  3:16  SCV  
  32  3:18  SCV  
  37  3:23  Starport  
  37  3:24  Factory Reactor  
  37  3:28  SCV  
  37  3:30  SCV  
  37  3:33  Marine, Supply Depot  
  40  3:34  Marine  
  40  3:37  Marine  
  40  3:40  SCV  
  43  3:42  SCV  
  43  3:46  Supply Depot  
  44  3:51  Marine  
  44  3:52  Marine  
  44  3:55  SCV x2, Marine  
  49  4:06  Medivac x2  
  49  4:07  SCV  
  49  4:08  SCV  
  49  4:09  Factory Reactor, Marine  
  56  4:12  Supply Depot  
  56  4:18  Supply Depot  
  56  4:19  SCV, Marine  
  56  4:20  SCV, Marine  
  60  4:28  Engineering Bay  
  60  4:30  Marine  
  61  4:31  SCV  
  61  4:33  SCV  
  61  4:37  Marine, Medivac  
  61  4:38  Marine  
  67  4:44  SCV  
  68  4:45  SCV  
  68  4:47  Refinery, Marine  
  68  4:48  Widow Mine  
  68  4:49  Widow Mine  
  74  4:54  Marine  
  74  4:55  Terran Infantry Weapons Level 1  
  74  4:56  SCV, Marine  
  74  4:58  SCV  
  78  5:06  Supply Depot  
  78  5:08  Marine  
  78  5:09  Supply Depot  
  78  5:10  Supply Depot  
  78  5:12  Marine  
  80  5:24  Widow Mine, Marine  
  80  5:25  Medivac  
  80  5:26  SCV  
  80  5:27  Marine, Widow Mine, SCV  
  90  5:30  Marine  
  90  5:31  Supply Depot  
  90  5:33  Supply Depot x2  
  91  5:38  SCV  
  91  5:41  Marine, Armory  
  93  5:43  SCV  
  93  5:44  Engineering Bay  
  93  5:47  Combat Shields  
  94  5:50  SCV  
  94  5:55  SCV  
  96  6:04  Command Center  
  96  6:09  SCV x2  
  96  6:10  Starport Reactor  
  96  6:11  Barracks Reactor, Factory Reactor  
  98  6:21  SCV  
  98  6:23  Barracks  
  99  6:25  Barracks  
  99  6:32  SCV  
  99  6:33  SCV, Terran Infantry Armor Level 1  
  99  6:37  Marine  
  101  6:40  Barracks  
  101  6:43  Refinery  
  101  6:44  SCV  
  101  6:45  SCV  
  103  6:48  Marine x2  
  103  6:49  Widow Mine, Medivac  
  103  6:50  Widow Mine, Medivac  
  113  6:56  SCV  
  113  6:57  SCV  
  116  7:06  Bunker  
  116  7:07  Supply Depot  
  116  7:09  Terran Infantry Weapons Level 2, Marine x3  
  116  7:10  Supply Depot  
  116  7:11  Marine  
  119  7:15  Orbital Command  
  119  7:17  SCV  
  119  7:18  Marine x2  
  119  7:19  Widow Mine  
  125  7:27  Marine  
  126  7:30  Marine x2, Supply Depot  
  126  7:31  Marine  
  126  7:32  Marine x2  
  126  7:36  Marine  
  126  7:37  Marine  
  131  7:40  Missile Turret  
  131  7:42  Widow Mine  
  131  7:43  Barracks Reactor  
  134  7:45  Marine  
  134  7:46  Missile Turret  
  134  7:48  Widow Mine, Marine x3  
  134  7:49  Marine  
  141  7:53  Supply Depot  
  141  7:57  Marine x2  
  141  7:58  Marine, Medivac x2  
  147  8:03  Marine  
  149  8:06  Marine x3  
  149  8:10  Liberator x2  
  149  8:11  Widow Mine  
  154  8:13  Marine  
  154  8:14  Supply Depot  
  154  8:15  Marine x2, Supply Depot  
  154  8:16  Widow Mine  
  154  8:17  Unknown  
  154  8:18  Supply Depot  
  159  8:21  Marine x2  
  159  8:22  Marine x2  
  159  8:24  Marine x2  
  159  8:25  Marine  
  166  8:31  Marine  
  166  8:32  Marine  
  166  8:33  Marine  
  175  8:39  Widow Mine  
  175  8:40  Marine x2  
  175  8:41  Marine x2  
  180  8:42  Marine x2  
  180  8:43  Marine  
  180  8:45  Widow Mine  
  186  8:49  Marine  
  186  8:50  Marine x2, Unknown  
  189  8:58  Marine x3  
  189  8:59  Marine x2  
  189  9:00  Marine  
  189  9:01  Marine  
  196  9:06  Marine  
  196  9:08  Marine, Widow Mine  
  200  9:19  Unknown  
  200  9:24  Barracks  
  200  9:25  Barracks  
  200  9:26  Barracks  
Show
View Real Time Build Order
Export as new Build Order

A.I. 1 (Very Easy) Zerg 

Build Orders: Pool First 

Get SALT Encoding   

  12  0:00  Drone  
  13  0:12  Overlord  
  13  0:17  Drone  
  14  0:35  Spawning Pool  
  13  0:36  Extractor  
  13  0:39  Drone  
  13  0:46  Drone  
  14  0:51  Overlord  
  14  1:21  Queen, Zergling x2  
  17  1:30  Roach Warren  
  17  1:31  Extractor  
  15  1:35  Drone  
  16  1:40  Zergling x2  
  16  1:42  Drone  
  18  1:56  Drone  
  18  1:58  Zergling x2  
  20  2:07  Drone  
  21  2:18  Drone  
  22  2:28  Drone  
  22  2:29  Overlord  
  23  2:35  Drone  
  24  2:42  Drone  
  25  4:29  Zergling x2  
  25  5:50  Drone, Lair  
  26  5:57  Drone  
  26  5:58  Hatchery  
  26  6:05  Drone  
  27  6:12  Drone  
  28  6:19  Drone  
  28  6:20  Overlord  
  29  6:26  Drone  
  29  6:30  Zergling x2  
  28  6:48  Overseer x2  
  28  6:50  Drone, Spire  
  28  6:54  Zergling x2  
  29  7:12  Drone  
  30  7:18  Zergling x2  
  30  7:19  Drone  
  30  7:20  Extractor  
  30  7:22  Extractor  
  30  7:27  Drone  
  31  7:34  Drone  
  32  7:41  Drone  
  33  7:48  Drone  
  34  7:55  Drone  
  35  8:02  Mutalisk, Drone  
  38  8:09  Drone  
  39  8:17  Drone  
  40  8:24  Drone  
  41  8:31  Drone  
  42  8:39  Drone  
  43  8:46  Drone  
  44  8:51  Overlord, Zergling x2  
  44  8:53  Drone  
  44  8:54  Overseer  
  41  9:00  Drone  
  32  9:08  Drone  
Tags
 
Add a new tag
Caveats
  • Supply blocks, unpowered buildings, or Contaminate may cause inaccurate times.
  • Supply counts are checked every 10 seconds.